 Dungeon Crawl Stone Soup version 0.21-a0-444-g29a2fec (webtiles) character file.

154 esteth the Ruffian (level 5, -4/60 HPs)
             Began as a Draconian Transmuter on Nov 17, 2017.
             Was a Follower of Qazlal.
             Slain by a phantom (6 damage)
             ... on level 4 of the Dungeon.
             The game lasted 00:09:59 (4075 turns).

esteth the Ruffian (Draconian Transmuter)           Turns: 4075, Time: 00:10:00

Health: -4/60      AC:  5    Str: 17    XL:     5   Next: 13%
Magic:  5/8        EV: 12    Int: 20    God:    Qazlal [*.....]
Gold:   178        SH:  1    Dex: 11    Spells: 5/8 levels left

rFire    + . .     SeeInvis .     - Unarmed
rCold    . . .     Gourm    .   (no shield)
rNeg     . . .     Faith    .   (armour unavailable)
rPois    .         Spirit   .   (helmet restricted)
rElec    .         Reflect  .   (no cloak)
rCorr    .         Harm     .   (no gloves)
MR       .....                  (no boots)
Stlth    ..........             (no amulet)
HPRegen  0.20/turn              q - ring of protection from fire
MPRegen  0.11/turn              (no ring)

@: mighty, brilliant, berserking (expiring), hasted, very quick
A: unfitting armour, cold-blooded, AC +5
a: Renounce Religion


You were on level 4 of the Dungeon.
You worshipped Qazlal.
Qazlal was aware of your devotion.
You were hungry.

You visited 1 branch of the dungeon, and saw 4 of its levels.

You collected 178 gold pieces.

Inventory:

Missiles
 a - 18 arrows
Jewellery
 j - a +4 ring of strength {unknown}
 q - a ring of protection from fire (left hand)
Scrolls
 d - a scroll of remove curse
 f - a scroll of identify {unknown}
 s - a scroll of teleportation
 t - a scroll of immolation {unknown}
 v - a scroll of enchant armour {unknown}
Potions
 e - a potion of brilliance
 h - a potion of heal wounds {unknown}
 i - 3 potions of curing {unknown}
 l - a potion of lignification {unknown}
 n - a potion of magic {unknown}
 o - a potion of haste
 r - 2 potions of might
Books
 b - a book of Changes

   Spells                             Type                      Level
   a - Beastly Appendage              Transmutation                1
   b - Sticks to Snakes               Transmutation                2
   c - Spider Form                    Transmutation/Poison         3
   d - Ice Form                       Ice/Transmutation            4
   e - Blade Hands                    Transmutation                5
Comestibles
 c - 3 bread rations
 g - a meat ration
 k - a royal jelly
 p - 2 fruits


   Skills:
 - Level 1.1 Fighting
 - Level 1.7 Dodging
 + Level 4.6 Unarmed Combat
 - Level 2.0 Spellcasting
 + Level 4.0 Transmutations


You had 5 spell levels left.
You knew the following spells:

 Your Spells              Type           Power        Failure   Level  Hunger
a - Beastly Appendage     Tmut           ####..       1%          1    #......
b - Sticks to Snakes      Tmut           ####....     1%          2    ##.....


Dungeon Overview and Level Annotations

Branches:
Dungeon (4/15)
 Temple: D:4-7

Altars:
Elyvilon
Qazlal
Wu Jian

Annotations:
D:2 1 runed door


Innate Abilities, Weirdness & Mutations

Your plain brown scales are hard. (AC +5)
You cannot fit into any form of body armour.
You are cold-blooded and may be slowed by cold attacks.


Message History

It was a potion of might.
You feel very mighty all of a sudden.
It was a potion of berserk rage.
A red film seems to cover your vision as you go berserk!
You feel yourself moving faster!
You feel mighty!
You are too berserk!
You feel a strong urge to attack something.
The phantom hits your ball python.
Your ball python dies!
Your ball python barely misses the phantom.
You see here 12 gold pieces.
You are too berserk!
Your ball python barely misses the phantom.
You punch the phantom!
The phantom is almost destroyed.
You barely miss the phantom.
Your tail-slap misses the phantom.
The phantom is almost destroyed.
Your ball python closely misses the phantom.
The phantom hits you.
You die...

#
#.####.#.#.#
#
#......#.#.#
##
#.######.#.#
.# #.#...
#.#.# .## #.#
#.##.#.#
..#####.#
#....#.######
........#
#.......#...
#..####.#
#...#####$#
.#.# #.#
#....W@ยง..#
.#.# #.#
#.#..S....#
.#.# #.#
#.#######.#
.#.## #.# #.
#... .#..#
#.# .. ###.#
.##.###.# .#
.##..##.# .
+###.##.# ##
..##.##.#


You could see a phantom and a friendly ball python.

Vanquished Creatures
  Terence (D:2)
  4 adders
  An adder skeleton (D:4)
  A worm (D:2)
  2 dart slugs
  2 leopard geckos (D:2)
  4 orcs
  6 giant cockroaches
  2 goblins
  4 hobgoblins (D:1)
  7 jackals (D:1)
  5 kobolds
  4 quokkas
  A ball python (D:2)
  10 bats
  6 frilled lizards
  12 rats
72 creatures vanquished.

Vanquished Creatures (collateral kills)
  An adder (D:2)
  A quokka (D:1)
  A kobold (D:2)
3 creatures vanquished.

Grand Total: 75 creatures vanquished

Notes
Turn   | Place    | Note
-------+----------+-------------------------------------------
     0 | D:1      | esteth the Draconian Transmuter began the quest for the Orb.
     0 | D:1      | Reached XP level 1. HP: 16/16 MP: 3/3
   147 | D:1      | Reached XP level 2. HP: 10/23 MP: 5/5
   721 | D:1      | Reached XP level 3. HP: 13/28 MP: 6/6
  1112 | D:2      | Noticed Terence
  1116 | D:2      | Learned a level 2 spell: Sticks to Snakes
  1126 | D:2      | Killed Terence
  1502 | D:2      | Reached XP level 4. HP: 34/35 MP: 4/7
  1645 | D:2      | Found a runed door.
  1782 | D:2      | Found a stormy altar of Qazlal.
  1808 | D:2      | Became a worshipper of Qazlal Stormbringer
  2655 | D:3      | Found an ornate altar of the Wu Jian Council.
  3421 | D:4      | Found a white marble altar of Elyvilon.
  3453 | D:4      | Reached XP level 5. HP: 31/40 MP: 8/8
  3613 | D:4      | Reached * piety under Qazlal
  4041 | D:4      | Noticed a phantom
  4067 | D:4      | HP: 1/40 [phantom (4)]
  4075 | D:4      | Slain by a phantom

Vault maps used:
D:1:      scummos_arrival_gate
D:2:      lemuel_crystal_altar, uniq_terence, uniq_crazy_yiuf_cottage
D:3:      overflow_temple_1_default, minmay_misc_feat_cross
D:4:      elyvilon_altar_1

Skill      XL: |  1  2  3  4  5 |
---------------+----------------+-----
Transmutations | 3 4 |  4.0
Unarmed Combat | 4 |  4.6
Fighting       | |  1.1
Dodging        | |  1.7
Spellcasting   | |  2.0

Action                   |  1- 3 |  4- 6 || total
-------------------------+-------+-------++-------
Melee: Unarmed           |   137 |   195 ||   332
       Tailslap          |    14 |    17 ||    31
       Punch             |     1 |     4 ||     5
 Cast: Sticks to Snakes  |     5 |     2 ||     7
  Use: Scroll            |     2 |     1 ||     3
       Potion            |       |     4 ||     4
 Stab: Distracted        |       |     1 ||     1
  Eat: Chunk             |     1 |     9 ||    10
Armor: Skin              |    53 |    55 ||   108
Dodge: Dodged            |   111 |   108 ||   219
Block: Other             |       |     1 ||     1

Table legend:
 A = Spawn XP
 B = Non-spawn XP
 C = Spawn XP percentage of total XP
 D = Spawn monster count
 E = Non-spawn monster count
 F = Spawn count percentage of total count
 G = Total turns spent on level
                    A         B        C        D         E        F      G
               +---------+---------+-------+---------+---------+-------+---------
         Total |       0 |     221 |   0.0 |       0 |      75 |   0.0 |  4075
               +---------+---------+-------+---------+---------+-------+---------
           D:1 |       0 |      52 |   0.0 |       0 |      30 |   0.0 |  1404
           D:2 |       0 |      90 |   0.0 |       0 |      23 |   0.0 |   964
           D:3 |       0 |      29 |   0.0 |       0 |      11 |   0.0 |   716
           D:4 |       0 |      50 |   0.0 |       0 |      11 |   0.0 |   991
               +---------+---------+-------+---------+---------+-------+---------
